| TOP OF THE 1ST |
|
California Angels batting - Pitching for Boston Red Sox : RHP Dick Ruthven
|
|
Pitching: RHP Dick Ruthven
|
|
|
Batting: RHB Jeff Atherton
|
0-0: Swinging Strike 0-1: Fly out, F7 (Flyball, 7, EV 88.1 MPH)
|
|
Batting: RHB Frank White
|
0-0: Ball 1-0: Foul Ball, location: 2F 1-1: Fly out, F7 (Line Drive, 7LM, EV 90.0 MPH)
|
|
Batting: LHB Jason D Thompson
|
0-0: Ball 1-0: Called Strike 1-1: Called Strike 1-2: Foul Ball, location: 2F 1-2: SINGLE (Groundball, 23, EV 68.1 MPH) (infield hit)
|
|
Batting: LHB Brian Rosinski
|
0-0: Ball 1-0: Called Strike 1-1: Ball 2-1: Foul Ball, location: 2F 2-2: Fly out, F7 (Line Drive, 7, EV 96.9 MPH)
|
| Top of the 1st over - 0 runs, 1 hit, 0 errors, 1 left on base; California 0 - Boston 0 |
| BOTTOM OF THE 1ST |
|
Boston Red Sox batting - Pitching for California Angels : RHP Rafael Jimenez
|
|
Pitching: RHP Rafael Jimenez
|
|
|
Batting: RHB Richie Zisk
|
0-0: Fly out, F8 (Flyball, 78XD, EV 86.9 MPH)
|
|
Batting: LHB Willie Aikens
|
0-0: Ball 1-0: Foul Ball, location: 2F 1-1: Swinging Strike 1-2: Fly out, F4 (Line Drive, 4, EV 74.4 MPH)
|
|
Batting: RHB Jeff Burroughs
|
0-0: Ball 1-0: Ball 2-0: SOLO HOME RUN (Flyball, 7D, EV 93.8 MPH), Distance : 401 ft
|
|
Batting: LHB George Brett
|
0-0: Ball 1-0: Ball 2-0: Called Strike 2-1: Ball 3-1: Base on Balls
|
|
Batting: LHB Karl Pagel
|
0-0: Ball 1-0: Called Strike 1-1: Fly out, F6 (Flyball, 56D, EV 92.5 MPH)
|
| Bottom of the 1st over - 1 run, 1 hit, 0 errors, 1 left on base; California 0 - Boston 1 |
| TOP OF THE 2ND |
|
California Angels batting - Pitching for Boston Red Sox : RHP Dick Ruthven
|
|
Batting: LHB Ralph Garr
|
0-0: SINGLE (Line Drive, 56D, EV 103.8 MPH)
|
|
Batting: SHB Ignacio Medina
|
0-0: DOUBLE (Line Drive, 9LM, EV 89.4 MPH) Ralph Garr to third Runner from 3rd tries for Home, SAFE, throw by RF to trailing runner, SAFE at third!
|
|
Batting: SHB Manny Castillo
|
0-0: Ball 1-0: Ball 2-0: Called Strike 2-1: Ball 3-1: Swinging Strike 3-2: Foul Ball, location: 2F 3-2: Foul Ball, location: 2F 3-2: Ground out U3 (Groundball, 3S, EV 80.0 MPH)
|
|
Batting: RHB Carlos Pimentel
|
0-0: Ball 1-0: Foul Ball, location: 2F 1-1: Ball 2-1: Foul Ball, location: 2F 2-2: Strikes out swinging
|
|
Batting: LHB Geno Petralli
|
0-0: Ball 1-0: Called Strike 1-1: Foul Ball, location: 2F 1-2: Foul Ball, location: 2F 1-2: Fly out, F4 (Popup, 4, EV 68.8 MPH)
|
| Top of the 2nd over - 1 run, 2 hits, 0 errors, 1 left on base; California 1 - Boston 1 |
| BOTTOM OF THE 2ND |
|
Boston Red Sox batting - Pitching for California Angels : RHP Rafael Jimenez
|
|
Batting: SHB Reggie Smith
|
0-0: Ground out 1-3 (Groundball, 13S, EV 73.1 MPH)
|
|
Batting: SHB Scotti Madison
|
0-0: Foul Ball, location: 2F 0-1: Called Strike 0-2: Ball 1-2: Foul Ball, location: 2F 1-2: Fly out, F8 (Flyball, 8RD, EV 87.5 MPH)
|
|
Batting: SHB Nelson Norman
|
0-0: Fly out, F4 (Flyball, 4D, EV 90.0 MPH)
|
| Bottom of the 2nd over - 0 runs, 0 hits, 0 errors, 0 left on base; California 1 - Boston 1 |
| TOP OF THE 3RD |
|
California Angels batting - Pitching for Boston Red Sox : RHP Dick Ruthven
|
|
Batting: RHB Jeff Atherton
|
0-0: Ball 1-0: Ground out U3 (Groundball, 3L, EV 95.6 MPH)
|
|
Batting: RHB Frank White
|
0-0: Foul Ball, location: 2F 0-1: Swinging Strike 0-2: Ball 1-2: Ball 2-2: Ground out 6-3 (Groundball, 6M, EV 91.9 MPH)
|
|
Batting: LHB Jason D Thompson
|
0-0: Fly out, F9 (Flyball, 89S, EV 90.0 MPH)
|
| Top of the 3rd over - 0 runs, 0 hits, 0 errors, 0 left on base; California 1 - Boston 1 |
| BOTTOM OF THE 3RD |
|
Boston Red Sox batting - Pitching for California Angels : RHP Rafael Jimenez
|
|
Batting: SHB Dave Collins
|
0-0: Foul Ball, location: 2F 0-1: Foul Ball, location: 2F 0-2: Ball 1-2: Ball 2-2: Strikes out swinging, 2-3 out at first.
|
|
Batting: RHB Richie Zisk
|
0-0: Foul Ball, location: 2F 0-1: Fly out, F3 (Flyball, 3D, EV 93.1 MPH)
|
|
Batting: LHB Willie Aikens
|
0-0: SOLO HOME RUN (Flyball, 9D, EV 101.9 MPH), Distance : 436 ft
|
|
Batting: RHB Jeff Burroughs
|
0-0: Foul Ball, location: 2F 0-1: Foul Ball, location: 2F 0-2: Strikes out swinging
|
| Bottom of the 3rd over - 1 run, 1 hit, 0 errors, 0 left on base; California 1 - Boston 2 |
| TOP OF THE 4TH |
|
California Angels batting - Pitching for Boston Red Sox : RHP Dick Ruthven
|
|
Batting: LHB Brian Rosinski
|
0-0: Ball 1-0: Ball 2-0: Called Strike 2-1: Swinging Strike 2-2: Strikes out swinging
|
|
Batting: LHB Ralph Garr
|
0-0: Called Strike 0-1: Ball 1-1: Ground out U3 (Groundball, 3, EV 83.1 MPH)
|
|
Batting: SHB Ignacio Medina
|
0-0: Swinging Strike 0-1: Foul Ball, location: 2F 0-2: Strikes out swinging
|
| Top of the 4th over - 0 runs, 0 hits, 0 errors, 0 left on base; California 1 - Boston 2 |
| BOTTOM OF THE 4TH |
|
Boston Red Sox batting - Pitching for California Angels : RHP Rafael Jimenez
|
|
Batting: LHB George Brett
|
0-0: Called Strike 0-1: Ball 1-1: Ball 2-1: Ball 3-1: SINGLE (Line Drive, 4D, EV 101.3 MPH)
|
|
Batting: LHB Karl Pagel
|
0-0: Fly out, F9 (Flyball, 9S, EV 86.3 MPH)
|
|
Batting: SHB Reggie Smith
|
0-0: Called Strike 0-1: Ball 1-1: Foul Ball, location: 2F 1-2: Fly out, F8 (Flyball, 8RS, EV 90.6 MPH)
|
|
Batting: SHB Scotti Madison
|
0-0: Foul Ball, location: 2F 0-1: Ball 1-1: Fly out, F7 (Flyball, 7, EV 86.9 MPH)
|
| Bottom of the 4th over - 0 runs, 1 hit, 0 errors, 1 left on base; California 1 - Boston 2 |
| TOP OF THE 5TH |
|
California Angels batting - Pitching for Boston Red Sox : RHP Dick Ruthven
|
|
Batting: SHB Manny Castillo
|
0-0: Called Strike 0-1: Foul Ball, location: 2F 0-2: Ball 1-2: Ground out 5-3 (Groundball, 5, EV 101.9 MPH)
|
|
Batting: RHB Carlos Pimentel
|
0-0: Called Strike 0-1: Swinging Strike 0-2: Ball 1-2: Ball 2-2: Ground out 2-3 (Groundball, 2L, EV 63.8 MPH)
|
|
Batting: LHB Geno Petralli
|
0-0: Ball 1-0: Ball 2-0: Foul Ball, location: 2F 2-1: Ball 3-1: Foul Ball, location: 2F 3-2: Foul Ball, location: 2F 3-2: Foul Ball, location: 2F 3-2: Ground out 1-3 (Groundball, 13S, EV 72.5 MPH)
|
| Top of the 5th over - 0 runs, 0 hits, 0 errors, 0 left on base; California 1 - Boston 2 |
| BOTTOM OF THE 5TH |
|
Boston Red Sox batting - Pitching for California Angels : RHP Rafael Jimenez
|
|
Batting: SHB Nelson Norman
|
0-0: Ball 1-0: Foul Ball, location: 2F 1-1: Ball 2-1: SINGLE (Groundball, 4MD, EV 101.9 MPH)
|
|
Batting: SHB Dave Collins
|
0-0: Ball 1-0: Foul Ball, location: 2F 1-1: Ball 2-1: Ball 3-1: SINGLE (Line Drive, 4MD, EV 97.5 MPH) Nelson Norman to second
|
|
Batting: RHB Richie Zisk
|
0-0: Swinging Strike 0-1: Swinging Strike 0-2: Strikes out swinging
|
|
Batting: LHB Willie Aikens
|
0-0: Foul Ball, location: 2F 0-1: Grounds into double play, 4-6-3 (Groundball, 4, EV 83.8 MPH)
|
| Bottom of the 5th over - 0 runs, 2 hits, 0 errors, 1 left on base; California 1 - Boston 2 |
| TOP OF THE 6TH |
|
California Angels batting - Pitching for Boston Red Sox : RHP Dick Ruthven
|
|
Batting: RHB Jeff Atherton
|
0-0: Ball 1-0: Ball 2-0: Ball 3-0: Foul Ball, location: 2F 3-1: Fly out, F8 (Flyball, 8LXD, EV 99.4 MPH)
|
|
Batting: RHB Frank White
|
0-0: Ball 1-0: Ball 2-0: Ball 3-0: Called Strike 3-1: Called Strike 3-2: Foul Ball, location: 2F 3-2: DOUBLE (Line Drive, 78M, EV 99.4 MPH)
|
|
Batting: LHB Jason D Thompson
|
0-0: Foul Ball, location: 2F 0-1: Foul Ball, location: 2F 0-2: Ball 1-2: Foul Ball, location: 2F 1-2: Foul Ball, location: 2F 1-2: Foul Ball, location: 2F 1-2: SINGLE (Groundball, 4MD, EV 104.4 MPH) Frank White to third Runner from 3rd tries for Home, SAFE, throw by CF to home Jason D Thompson to second
|
|
Batting: LHB Brian Rosinski
|
0-0: Swinging Strike 0-1: Ball 1-1: Ball 2-1: Foul Ball, location: 2F 2-2: 2-RUN HOME RUN (Flyball, 89XD, EV 107.5 MPH), Distance : 447 ft
|
|
Pitching: LHP Gary Pickert
|
|
|
Batting: LHB Ralph Garr
|
0-0: Called Strike 0-1: Foul Ball, location: 2F 0-2: Foul Ball, location: 2F 0-2: Strikes out swinging
|
|
Batting: SHB Ignacio Medina
|
0-0: Foul Ball, location: 2F 0-1: Fly out, F5 (Line Drive, 5, EV 73.8 MPH)
|
| Top of the 6th over - 3 runs, 3 hits, 0 errors, 0 left on base; California 4 - Boston 2 |
| BOTTOM OF THE 6TH |
|
Boston Red Sox batting - Pitching for California Angels : RHP Rafael Jimenez
|
|
Batting: RHB Jeff Burroughs
|
0-0: Ball 1-0: Called Strike 1-1: Foul Ball, location: 2F 1-2: Foul Ball, location: 2F 1-2: Strikes out swinging
|
|
Batting: LHB George Brett
|
0-0: Ground out U3 (Groundball, 3L, EV 85.6 MPH)
|
|
Batting: LHB Karl Pagel
|
0-0: Fly out, F8 (Line Drive, 8LD, EV 105.6 MPH)
|
| Bottom of the 6th over - 0 runs, 0 hits, 0 errors, 0 left on base; California 4 - Boston 2 |
| TOP OF THE 7TH |
|
California Angels batting - Pitching for Boston Red Sox : LHP Gary Pickert
|
|
Batting: SHB Manny Castillo
|
0-0: Foul Ball, location: 2F 0-1: Called Strike 0-2: Ball 1-2: Fly out, F7 (Flyball, 7D, EV 76.9 MPH)
|
|
Batting: RHB Carlos Pimentel
|
0-0: Called Strike 0-1: Fly out, F4 (Popup, 4, EV 68.8 MPH)
|
|
Batting: LHB Geno Petralli
|
0-0: Ground out 4-3 (Groundball, 4S, EV 63.8 MPH)
|
| Top of the 7th over - 0 runs, 0 hits, 0 errors, 0 left on base; California 4 - Boston 2 |
| BOTTOM OF THE 7TH |
|
Boston Red Sox batting - Pitching for California Angels : RHP Rafael Jimenez
|
|
Batting: SHB Reggie Smith
|
0-0: Foul Ball, location: 2F 0-1: SOLO HOME RUN (Flyball, 9D, EV 101.3 MPH), Distance : 400 ft
|
|
Batting: SHB Scotti Madison
|
0-0: Swinging Strike 0-1: Swinging Strike 0-2: Fly out, F8 (Flyball, 8RXD, EV 98.1 MPH)
|
|
Batting: SHB Nelson Norman
|
0-0: Foul Ball, location: 2F 0-1: Swinging Strike 0-2: Foul Ball, location: 2F 0-2: Ball 1-2: Foul Ball, location: 2F 1-2: Fly out, F7 (Line Drive, 7, EV 86.9 MPH)
|
|
Batting: SHB Dave Collins
|
0-0: Ball 1-0: Ball 2-0: Ball 3-0: Base on Balls
|
|
Batting: RHB Richie Zisk
|
0-0: Called Strike 0-1: Swinging Strike 0-2: Foul Ball, location: 2F 0-2: Foul Ball, location: 2F 0-2: Ball 1-2: Fly out, F9 (Line Drive, 9, EV 93.8 MPH)
|
| Bottom of the 7th over - 1 run, 1 hit, 0 errors, 1 left on base; California 4 - Boston 3 |
| TOP OF THE 8TH |
|
California Angels batting - Pitching for Boston Red Sox : LHP Gary Pickert
|
|
Pitching: RHP Don Sutton
|
|
|
Batting: RHB Jeff Atherton
|
0-0: Called Strike 0-1: Ball 1-1: Ball 2-1: Ball 3-1: SINGLE (Groundball, 6MD, EV 101.3 MPH)
|
|
Batting: RHB Frank White
|
0-0: Called Strike 0-1: Ball 1-1: Fly out, F9 (Line Drive, 9, EV 90.6 MPH)
|
|
Batting: LHB Jason D Thompson
|
0-0: Ball 1-0: Foul Ball, location: 2F 1-1: Swinging Strike 1-2: Ball 2-2: Strikes out swinging
|
|
Batting: LHB Brian Rosinski
|
0-0: Swinging Strike 0-1: SINGLE (Line Drive, 7S, EV 100.0 MPH) Jeff Atherton to second
|
|
Pinch Runner at 2nd Charlie Moore:
|
|
|
Batting: LHB Ralph Garr
|
0-0: Called Strike 0-1: Ball 1-1: Foul Ball, location: 2F 1-2: Ball 2-2: 3-RUN HOME RUN (Flyball, 9D, EV 92.5 MPH), Distance : 413 ft
|
|
Pitching: RHP Luis Albo
|
|
|
Batting: SHB Ignacio Medina
|
0-0: Ball 1-0: Called Strike 1-1: Ball 2-1: Ball 3-1: Foul Ball, location: 2F 3-2: Foul Ball, location: 2F 3-2: Foul Ball, location: 2F 3-2: Foul Ball, location: 2F 3-2: Fly out, F6 (Popup, 4MS, EV 74.4 MPH)
|
| Top of the 8th over - 3 runs, 3 hits, 0 errors, 0 left on base; California 7 - Boston 3 |
| BOTTOM OF THE 8TH |
|
Boston Red Sox batting - Pitching for California Angels : RHP Rafael Jimenez
|
|
Now at SS: Rafael Ramirez
|
|
|
Batting: LHB Willie Aikens
|
0-0: Ball 1-0: Ball 2-0: DOUBLE (Flyball, 7LD, EV 109.4 MPH)
|
|
Batting: RHB Jeff Burroughs
|
0-0: Fly out, F8 (Flyball, 8LM, EV 85.6 MPH)
|
|
Batting: LHB George Brett
|
0-0: Called Strike 0-1: Ball 1-1: Ball 2-1: Ground out 3-1 (Groundball, 34, EV 82.5 MPH) Willie Aikens to third
|
|
Batting: LHB Karl Pagel
|
0-0: Swinging Strike 0-1: Foul Ball, location: 2F 0-2: Ball 1-2: Foul Ball, location: 2F 1-2: Ball 2-2: Fly out, F8 (Flyball, 8LXD, EV 109.4 MPH)
|
| Bottom of the 8th over - 0 runs, 1 hit, 0 errors, 1 left on base; California 7 - Boston 3 |
| TOP OF THE 9TH |
|
California Angels batting - Pitching for Boston Red Sox : RHP Luis Albo
|
|
Batting: SHB Manny Castillo
|
0-0: Ball 1-0: Ground out 5-3 (Groundball, 56S, EV 88.1 MPH)
|
|
Batting: RHB Carlos Pimentel
|
0-0: Called Strike 0-1: Ball 1-1: Fly out, F9 (Flyball, 9, EV 86.9 MPH)
|
|
Batting: LHB Geno Petralli
|
0-0: Called Strike 0-1: Ball 1-1: Swinging Strike 1-2: Foul Ball, location: 2F 1-2: SINGLE (Line Drive, 4MD, EV 96.3 MPH)
|
|
Batting: RHB Rafael Ramirez
|
0-0: Ball 1-0: Called Strike 1-1: Called Strike 1-2: DOUBLE (Flyball, 89D, EV 99.4 MPH) Geno Petralli to third Runner from 3rd tries for Home, SAFE, throw by CF to home
|
|
Batting: RHB Frank White
|
0-0: SINGLE (Groundball, 6MD, EV 96.3 MPH) Rafael Ramirez to third Runner from 3rd tries for Home, SAFE, throw by CF to home Frank White to second
|
|
Batting: LHB Jason D Thompson
|
0-0: Ball 1-0: Called Strike 1-1: Ground out 4-3 (Groundball, 4, EV 78.1 MPH)
|
| Top of the 9th over - 2 runs, 3 hits, 0 errors, 1 left on base; California 9 - Boston 3 |
| BOTTOM OF THE 9TH |
|
Boston Red Sox batting - Pitching for California Angels : RHP Rafael Jimenez
|
|
Batting: SHB Reggie Smith
|
0-0: Called Strike 0-1: Ground out U3 (Groundball, 3, EV 105.6 MPH)
|
|
Batting: SHB Scotti Madison
|
0-0: Ball 1-0: Foul Ball, location: 2F 1-1: Called Strike 1-2: Ball 2-2: Fly out, F1 (Line Drive, P, EV 71.9 MPH)
|
|
Batting: SHB Nelson Norman
|
0-0: Ball 1-0: Ball 2-0: Ball 3-0: Called Strike 3-1: Base on Balls
|
|
Pitching: RHP Jerry Reed
|
|
|
Batting: SHB Dave Collins
|
0-0: SINGLE (Groundball, 4D, EV 104.4 MPH) Nelson Norman to second
|
|
Batting: RHB Richie Zisk
|
0-0: Ball 1-0: Ball 2-0: Called Strike 2-1: Ball 3-1: Base on Balls Nelson Norman to third Dave Collins to second
|
|
Batting: LHB Willie Aikens
|
0-0: Called Strike 0-1: Foul Ball, location: 2F 0-2: Strikes out swinging
|
| Bottom of the 9th over - 0 runs, 1 hit, 0 errors, 3 left on base; California 9 - Boston 3 |
|